 Dungeon Crawl Stone Soup version 0.29.1-1-gd02db6906a (webtiles) character file.

Game seed: 17320803326251509404

65 sanboga the Chopper (level 3, 0/33 HPs)
             Began as a Minotaur Monk on Oct 12, 2022.
             Slain by an orc
             ... wielding a +0 hand axe
              (7 damage)
             ... on level 3 of the Dungeon.
             The game lasted 00:01:37 (1609 turns).

sanboga the Chopper (Minotaur Monk)                 Turns: 1609, Time: 00:01:37

Health: 0/33       AC:  3    Str: 17    XL:     3   Next: 92%
Magic:  2/2        EV: 12    Int:  7    God:
Gold:   61         SH:  0    Dex: 12    Spells: 2/2 levels left

rFire   . . .      SeeInvis .   g - +0 war axe
rCold   . . .      Faith    .   (no shield)
rNeg    . . .      Spirit   .   b - +0 robe
rPois   .          Reflect  .   (helmet restricted)
rElec   .          Harm     .   i - +0 cloak
rCorr   .          Rampage  .   (no gloves)
Will    .....                   (no boots)
Stlth   ++........              (no amulet)
HPRegen 0.11/turn               (no ring)
MPRegen 0.08/turn               (no ring)

@: lethally poisoned (0 -> -10)
A: horns 2, retaliatory headbutt
a: no special abilities


You were on level 3 of the Dungeon.
You visited 1 branch of the dungeon, and saw 3 of its levels.

You collected 61 gold pieces.

Inventory:

Hand Weapons
 g - a +0 war axe (weapon)
Armour
 b - a +0 robe (worn)
 i - a +0 cloak (worn)
Scrolls
 d - 2 scrolls of identify {unknown}
 e - a scroll of blinking {unknown}
Potions
 a - a potion of attraction {unknown}
 c - a potion of ambrosia
 f - a potion of magic {unknown}
 h - a potion of heal wounds {unknown}
 j - a potion of degeneration {unknown}


   Skills:
 + Level 4.3 Fighting
 * Level 4.9 Axes
 + Level 1.9 Armour
 - Level 3.2 Dodging
 - Level 1.5 Stealth


You had 2 spell levels left.
You didn't know any spells.
Your spell library contained the following spells:

 Spells                   Type           Power      Damage    Failure   Level
 Magic Dart               Conj           0%         1d3       43%         1
 Slow                     Hex            0%         N/A       43%         1
 Searing Ray              Conj           0%         2d4       56%         2
 Confusing Touch          Hex            0%         N/A       80%         3
 Vampiric Draining        Necr           0%         2d6       80%         3
 Fulminant Prism          Conj/Hex       0%         3d6       99%         4


Dungeon Overview and Level Annotations

Branches:
Dungeon (3/15)

Altars:

Annotations:
D:3 3 runed translucent doors, Arctor's ghost, amateur GrFi


Innate Abilities, Weirdness & Mutations

You have a pair of horns on your head.
You reflexively headbutt those who attack you in melee.


Message History

No reachable target in view!
No reachable target in view!
No reachable target in view!
HP restored.
There is a stone staircase leading down here.
An orc comes into view. It is wielding a +0 club.
Found a book of Cantrips.
The orc shouts!
An orc comes into view. It is wielding a +1 trident of venom.
There are monsters nearby!
There are monsters nearby!
There are monsters nearby!
An orc priest comes into view. It is wielding a +0 dagger.
An orc comes into view. It is wielding a +0 hand axe.
The orc shouts! x2
The orc moves out of view.
The orc hits you with a +0 club.
The orc priest shouts!
You slash the orc!
You kill the orc!
The orc hits you from afar with a +1 trident of venom.
You are poisoned.
You feel sick. The orc closely misses you.
Things that are here:
a +0 club; 2 boomerangs; an orc corpse You barely miss the orc.
Your headbutt misses the orc. You hit the orc.
You feel sick.
The orc hits you with a +1 trident of venom.
You are more poisoned.
The orc barely misses you.
The orc priest invokes the aid of Beogh against you.
Beogh smites you!
You are too injured to fight recklessly!
You hit the orc.
You kill the orc!
You hit the orc.
* * * LOW HITPOINT WARNING * * *
You feel very sick. The orc hits you with a +0 hand axe!
You die...

##...## ..... ..... ...
.o. .##.###.# ......o)#
#@# # ##.####
#.##.....##
#.:..###....# ####.#
.#### ## #.######.###.#
#.# #.....#>....#
#.###.###...##..#######
#.#.##...#............


You could see an orc priest and an orc.

Vanquished Creatures
  3 adders
  A dart slug (D:1)
  2 orcs (D:3)
  5 ball pythons
  A bat (D:2)
  3 endoplasms (D:1)
  A giant cockroach (D:1)
  3 goblins
  4 hobgoblins
  2 quokkas (D:1)
  2 frilled lizards
  4 kobolds
  4 rats
35 creatures vanquished.

Notes
Turn   | Place    | Note
-------+----------+-------------------------------------------
     0 | D:1      | sanboga the Minotaur Monk began the quest for the Orb.
     0 | D:1      | Reached XP level 1. HP: 19/19 MP: 0/0
   293 | D:1      | Reached XP level 2. HP: 24/27 MP: 1/1
   398 | D:1      | Reached skill level 1 in Armour
   949 | D:2      | Found a faded altar of an unknown god.
  1085 | D:2      | Reached XP level 3. HP: 20/33 MP: 2/2
  1453 | D:3      | Found a runed translucent gate.
  1453 | D:3      | Found a runed translucent gate.
  1453 | D:3      | Found a runed translucent gate.
  1466 | D:3      | Noticed Arctor's ghost (amateur GrFi)
  1466 | D:3      | Noticed a black bear
  1609 | D:3      | Slain by an orc

Illustrated notes

Levels and vault maps discovered:
D:1:      elethiomel_arrival_quiet, layout_rooms,
          nicolae_kite_square_tiling_tiny
D:2:      minmay_angry_zag, layout_rooms, hellmonk_ecumenical_altar_crossroads
D:3:      layout_loops_ring, gammafunk_ghost_split, uniq_natasha

Skill      XL: |  1  2 |
---------------+-------+-----
Axes           | 4 |  4.9
Armour         | 1 |  1.9
Fighting       | 4 |  4.3
Dodging        | |  3.2
Stealth        | |  1.5

Action                   || total
-------------------------++-------
Melee: Hand axe          ||    42
       War axe           ||    32
       Headbutt          ||     8
       Punch             ||     1
 Stab: Sleeping          ||     3
Armor: Robe              ||    16
Dodge: Dodged            ||    46
